 Dungeon Crawl Stone Soup version 0.30-a0-930-gb9d0489357 (webtiles) character file.

Game seed: 4034742398559004042

38 mopl the Trooper (level 3, 0/29 HPs)
             Began as a Merfolk Fighter on Mar 23, 2023.
             Slain by Sigmund
             ... wielding a +0 scythe
              (8 damage)
             ... on level 2 of the Dungeon.
             The game lasted 00:01:19 (813 turns).

mopl the Trooper (Merfolk Fighter)                   Turns: 813, Time: 00:01:19

Health: 0/29       AC: 10    Str: 18    XL:     3   Next: 43%
Magic:  3/3        EV:  9    Int:  7    God:
Gold:   94         SH:  0    Dex: 13    Spells: 2/2 levels left

rFire   . . .      SeeInvis .    a - +0 long sword
rCold   . . .      Faith    .    c - +0 buckler
rNeg    . . .      Spirit   .    b - +0 scale mail
rPois   .          Reflect  .    (no helmet)
rElec   .          Rampage  .    i - +0 cloak
rCorr   .                        f - +2 pair of gloves
Will    .....                    (no boots) Stlth
                                 (no amulet)
HPRegen 0.24/turn                (no ring)
MPRegen 0.08/turn                (no ring)

@: confused
A: (nimble swimmer 2), mertail
a: no special abilities


You were on level 2 of the Dungeon.
You visited 1 branch of the dungeon, and saw 2 of its levels.

You collected 94 gold pieces.

Inventory:

Hand Weapons
 a - a +0 long sword (weapon)
Missiles
 p - 8 boomerangs (quivered)
Armour
 b - a +0 scale mail (worn)
 c - a +0 buckler (worn)
 f - a +2 pair of gloves (worn)
 h - an orb of light
 i - a +0 cloak (worn)
Scrolls
 g - a scroll of teleportation {unknown}
 k - a scroll of fog {unknown}
 m - a scroll of torment {unknown}
 n - a scroll of identify {unknown}
 t - a scroll of enchant weapon {unknown}
 u - a scroll of blinking {unknown}
Potions
 d - a potion of might
 e - a potion of berserk rage {unknown}
 j - a potion of invisibility {unknown}
 l - a potion of ambrosia {unknown}
 o - a potion of heal wounds {unknown}
 q - a potion of flight {unknown}
 r - a potion of resistance {unknown}
 s - 2 potions of curing {unknown}


   Skills:
 + Level 3.6 Fighting
 * Level 3.4 Long Blades
 + Level 0.2 Throwing
 + Level 2.4 Armour
 + Level 1.4 Dodging
 - Level 3.0 Shields


You had 2 spell levels left.
You didn't know any spells.
Your spell library contained the following spells:

 Spells                   Type           Power      Damage    Failure   Level
 Ignite Poison            Fire/Tmut/Pois 0%         N/A       99%         3
 Inner Flame              Hex/Fire       0%         N/A       99%         3
 Flame Wave               Conj/Fire      0%         2d4       100%        4
 Sticky Flame             Conj/Fire      0%         2d3       100%        4
 Ignition                 Fire           0%         3d3       100%        8


Dungeon Overview and Level Annotations

Branches:
Dungeon (2/15)

Altars:

Annotations:
D:2 Sigmund


Innate Abilities, Weirdness & Mutations

((You are very nimble when in or above water. (Stealth+, EV+, Speed+++)))
Your lower body shifts to a powerful aquatic tail in water.


Message History

Sigmund casts a spell at you.
You are confused.
The bat barely misses you.
Sigmund gestures wildly while chanting.
Sigmund flickers and vanishes!
Deactivating autopickup; reactivate with Ctrl-A.
The bat closely misses you.
You're too confused to move!
The bat hits you but does no damage. The bat closely misses you.
You're too confused to move!
You feel less confused. The bat hits you but does no damage.
You hear some strange, mumbled words.
A puff of flame appears from out of thin air!
The puff of flame hits you. The bat attacks as you move away! The bat hits you.
The bat closely misses you.
You hear some strange, mumbled words.
You are confused.
You hear some strange, mumbled words.
You are more confused.
The bat hits you. The bat attacks as you move away! The bat barely misses you.
The bat closely misses you.
You hear some strange, mumbled words.
Something tries to affect you, but you resist.
The bat barely misses you. The bat attacks as you move away!
The bat barely misses you. x2
You hear some strange, mumbled words.
A puff of flame appears from out of thin air!
The puff of flame hits you! The bat hits you but does no damage.
You bump into the rock wall.
The bat hits you but does no damage. Something hits you.
* * * LOW HITPOINT WARNING * * *
The bat hits you but does no damage. The bat attacks as you move away!
The bat hits you but does no damage. x2
The bat closely misses you.
You bump into the rock wall.
The bat hits you but does no damage. Something hits you!
You die...

#......!........#
...##....>.......#
##...?.......##
#..#...##...##
#.##...# ####
#.#..### #.#.## .# #
###.#b# .# #.##...#@#
.# #.....##.# # .#
#.##>.##.# #
##.###.#......#
####......(.##..###
............##....##
.#...#......##.....##
.##...####.##.......#
...........##.......#


You could see a bat.

Vanquished Creatures
  6 ball pythons
  5 bats
  3 endoplasms
  2 giant cockroaches (D:2)
  A goblin (D:1)
  2 hobgoblins
  6 jackals
  A quokka (D:1)
  3 kobolds (D:1)
  4 rats (D:1)
33 creatures vanquished.

Notes
Turn   | Place    | Note
-------+----------+-------------------------------------------
     0 | D:1      | mopl the Merfolk Fighter began the quest for the Orb.
     0 | D:1      | Reached XP level 1. HP: 18/18 MP: 1/1
   193 | D:1      | Reached XP level 2. HP: 24/24 MP: 2/2
   291 | D:1      | Reached skill level 3 in Long Blades
   291 | D:1      | Reached skill level 1 in Dodging
   531 | D:1      | Reached XP level 3. HP: 27/29 MP: 3/3
   794 | D:2      | Noticed Sigmund
   813 | D:2      | Slain by Sigmund

Illustrated notes

Levels and vault maps discovered:
D:1:      dpeg_arrival_three_same_balls, layout_loops_ring,
          supply_closet_lemuel, dk_noncrumbling_4
D:2:      minmay_spotlight, layout_rooms,
          shapermc_ecumenical_altar_mp_ritualfount, uniq_sigmund

Skill      XL: |  1  2 |
---------------+-------+-----
Long Blades    | 3 |  3.4
Dodging        | 1 |  1.4
Fighting       | |  3.6
Throwing       | |  0.2
Armour         | |  2.4
Shields        | |  3.0

Action                     || total
---------------------------++-------
  Melee: Long sword        ||   109
 Armour: Scale mail        ||    90
  Dodge: Dodged            ||    71
  Block: Buckler           ||    25

Table legend: (Time is in decaauts)
 A = Elapsed time spent in this place.
 B = Non-inter-level travel time spent in this place.
 C = Inter-level travel time spent in this place.
 D = Time resting spent in this place.
 E = Time spent auto-exploring this place.
 F = Levels seen in this place.
 G = Mean time per level.
                   A        B        C        D        E       F      G
               +--------+--------+--------+--------+--------+-----+--------+
         Total |    843 |    787 |     56 |      0 |    502 |   2 |  421.5 |
       Dungeon |    843 |    787 |     56 |      0 |    502 |   2 |  421.5 |
               +--------+--------+--------+--------+--------+-----+--------+

Top non-repeatable levels by time:
     D:1: 655 daAuts
     D:2: 188 daAuts
